 Dungeon Sprint DCSS version 0.30-a0-1085-g990a428a5c (webtiles) character file.

Game seed: 17330785332214851760

5563 mhtbhm the Imperceptible (level 10, -6/72 (76) HPs)
             Began as a Spriggan Brigand on Feb 17, 2023.
             Was the Champion of Dithmenos.
             Mangled by a demonic crawler (9 damage)
             ... in the Dungeon (Sprint I: "Red Sonja") on Apr 17, 2023.
             The game lasted 00:06:54 (2003 turns).

mhtbhm the Imperceptible (Spriggan Brigand)         Turns: 2003, Time: 00:06:55

HP:   -6/72 (76)    AC:  3    Str:  7    XL:     10   Next: 44%
MP:   18/18         EV: 22    Int: 13    God:    Dithmenos [******]
Gold: 823           SH:  0    Dex: 21    Spells: 9/9 levels left

rFire   . . .      SeeInvis +    a - +2 dagger
rCold   . . .      Faith    .    (no shield)
rNeg    . . .      Spirit   .    b - +0 robe
rPois   .          Reflect  .    (helmet restricted)
rElec   .          Rampage  .    c - +0 cloak
rCorr   .          NoTele   +    (gloves unavailable)
Will    +....                    (boots unavailable) Stlth
                                 s - amulet of regeneration
HPRegen 1.12/turn                n - ring of wizardry
MPRegen 0.16/turn                (no ring)

@: berserking, wreathed by umbra, drained, very quick
A: very small, no large weapons, unfitting armour, see invisible, speed 3
a: Renounce Religion, Shadow Step, Shadow Form


You were in the Dungeon.
You worshipped Dithmenos.
Dithmenos was exalted by your worship.
You visited 1 branch You collected 1926 gold pieces.
You spent 1103 gold pieces at shops.

Inventory:

Hand Weapons
 a - a +2 dagger (weapon)
Missiles
 d - 8 poisoned darts
 e - 5 curare-tipped darts (quivered)
Armour
 b - a +0 robe (worn)
 c - a +0 cloak (worn)
Jewellery
 n - a ring of wizardry (left hand)
 s - an amulet of regeneration (around neck)
Wands
 l - a wand of mindburst (16)
Scrolls
 m - 3 scrolls of identify
 p - 2 scrolls of butterflies
Potions
 f - 2 potions of curing
 g - 2 potions of heal wounds
 h - 2 potions of haste
 i - 2 potions of magic
 o - 2 potions of might
Miscellaneous
 k - a phantom mirror (inert)
 q - a tin of tremorstones (2/2)
 r - a condenser vane (inert)


   Skills:
 + Level 5.1 Fighting
 + Level 9.2 Short Blades
 + Level 9.6 Throwing
 + Level 6.5 Dodging
 + Level 26.6 Stealth
 * Level 9.4 Invocations
 + Level 4.2 Evocations


You had 9 spell levels left.
You didn't know any spells.
Your spell library contained the following spells:

 Spells                   Type           Power      Damage    Failure   Level
 Apportation              Tloc           0%         N/A       12%         1
 Necrotise                Necr           0%         1d4       12%         1
 Summon Small Mammal      Summ           0%         N/A       12%         1
 Ensorcelled Hibernation  Hex/Ice        0%         N/A       19%         2
 Passwall                 Tmut/Erth      0%         N/A       19%         2
 Swiftness                Air            0%         N/A       34%         3


Dungeon Overview and Level Annotations

Branches:
Dungeon (1/1)

Altars:
Cheibriados
Dithmenos
Elyvilon
Fedhas
Gozag
Hepliaklqana
Kikubaaqudgha
Makhleb
Nemelex Xobeh
Okawaru
Qazlal
Ru
Sif Muna
Trog
Uskayaw
Vehumet
Wu Jian
Xom
Yredelemnul
Zin
The Shining One
Jiyva
Lugonu

Shops:
D !!**?!(*=*:[(**[(


Innate Abilities, Weirdness & Mutations

You are very small and have problems with some larger weapons.
You are too small for most types of armour.
You have supernaturally acute eyesight. (SInv)
You cover ground extremely quickly. (Speed+++)


Message History

A red film seems to cover your vision as you go berserk!
You feel yourself moving faster!
You feel mighty!
The demonic crawler closely misses your demonic crawler.
The demonic crawler barely misses your demonic crawler.
The demonic crawler hits your demonic crawler.
The demonic crawler is engulfed in blazing flames.
The demonic crawler hits you. The demonic crawler misses you.
The demonic crawler hits you!
The demonic crawler is engulfed in blazing flames.
The demonic crawler hits your demonic crawler!!
The demonic crawler hits your demonic crawler.
The demonic crawler hits your demonic crawler!
Your demonic crawler dies!
Your demonic crawler's corpse shimmers and vanishes!
The demonic crawler is engulfed in blazing flames.
The demonic crawler barely misses you. The demonic crawler hits you.
The demonic crawler barely misses you.
The demonic crawler is engulfed in blazing flames.
Unknown command.
You hit the demonic crawler but do no damage.
The demonic crawler is moderately wounded.
The demonic crawler is engulfed in blazing flames. x2
The demonic crawler completely misses you.
The demonic crawler hits you! The demonic crawler hits you.
The demonic crawler is engulfed in blazing flames.
The demonic crawler barely misses you. x2; The demonic crawler hits you!
You hit the demonic crawler.
The demonic crawler is moderately wounded.
The demonic crawler is engulfed in blazing flames.
You hit the demonic crawler.
The demonic crawler is moderately wounded.
Your shadow hits the demonic crawler but does no damage.
The demonic crawler is engulfed in blazing flames. x2
The demonic crawler barely misses you. The demonic crawler misses you. x2
The demonic crawler hits you!
* * * LOW HITPOINT WARNING * * *
The demonic crawler hits you!
* * * LOW HITPOINT WARNING * * *
The demonic crawler hits you!
You die...

##################
.#.['..#__#..'..[#
.'..#..'..'..#..@#
'#####'#__####[.sss§#
.#...#.####§.#####s§+
##..##)#~~~§)#§.# +##
_##'#_§§~§~§§'..#
..'..._#~§§§§#§.#
_##_.#'##+#####'###
_###'#.# ###.'.#
####.####+###)###.#


You could see 4 demonic crawlers.

Vanquished Creatures
  2 centaur warriors (D)
  Sonja (D)
  A deep troll (D)
  An oklob plant (D)
  2 unseen horrors (D)
  2 kobold demonologists (D)
  A hornet (D)
  A slime creature (D)
  Sigmund (D)
  A yak (D)
  2 redbacks (D)
  2 floating eyes (D)
  An ogre (D)
  7 necrophages (D)
  8 jellies (D)
  Ijyb (D)
  A ballistomycete spore (D)
35 creatures vanquished.

Vanquished Creatures (others)
  A ballistomycete spore (D)
1 creature vanquished.

Grand Total: 36 creatures vanquished

Notes
Turn   | Place    | Note
-------+----------+-------------------------------------------
     0 | D        | mhtbhm the Spriggan Brigand began the quest for the Orb.
     0 | D        | Reached XP level 1. HP: 10/10 MP: 2/2
     1 | D        | Noticed Ijyb
     9 | D        | Killed Ijyb
    10 | D        | Reached skill level 9 in Stealth
    10 | D        | Reached XP level 2. HP: 7/15 MP: 3/3
   142 | D        | Noticed an ogre
   163 | D        | Killed an ogre
   164 | D        | Reached skill level 13 in Stealth
   164 | D        | Reached XP level 3. HP: 19/19 MP: 4/4
   164 | D        | Reached XP level 4. HP: 23/23 MP: 5/5
   188 | D        | Noticed Sigmund
   191 | D        | Killed Sigmund
   192 | D        | Reached skill level 5 in Throwing
   192 | D        | Reached skill level 16 in Stealth
   192 | D        | Reached XP level 5. HP: 28/28 MP: 6/6
   205 | D        | Found an ornate altar of the Wu Jian Council.
   205 | D        | Found a shimmering blue altar of Sif Muna.
   207 | D        | Found a radiant altar of Vehumet.
   212 | D        | Reached XP level 6. HP: 32/32 MP: 7/7
   213 | D        | Found Daqidu's Distillery.
   213 | D        | Found an ancient bone altar of Kikubaaqudgha.
   213 | D        | Found a hazy altar of Hepliaklqana.
   213 | D        | Found a stormy altar of Qazlal.
   213 | D        | Found a hide-covered altar of Uskayaw.
   213 | D        | Found a blossoming altar of Fedhas.
   213 | D        | Found a bloodstained altar of Trog.
   213 | D        | Found an iron altar of Okawaru.
   213 | D        | Found a basalt altar of Yredelemnul.
   213 | D        | Found a glowing golden altar of the Shining One.
   213 | D        | Found a snail-covered altar of Cheibriados.
   213 | D        | Found a sacrificial altar of Ru.
   213 | D        | Found a glowing silver altar of Zin.
   213 | D        | Found a shadowy altar of Dithmenos.
   213 | D        | Found a white marble altar of Elyvilon.
   213 | D        | Noticed a yak
   237 | D        | Killed a yak
   238 | D        | Reached skill level 5 in Short Blades
   238 | D        | Reached skill level 18 in Stealth
   253 | D        | Found an opulent altar of Gozag.
   255 | D        | Found a sparkling altar of Nemelex Xobeh.
   267 | D        | Became a worshipper of Dithmenos the Shadowed
   337 | D        | Bought a potion of berserk rage for 50 gold pieces
   337 | D        | Bought a potion of haste for 100 gold pieces
   337 | D        | Bought a potion of might for 40 gold pieces
   337 | D        | Bought a potion of might for 40 gold pieces
   346 | D        | Noticed Sonja
   350 | D        | Killed Sonja
   351 | D        | Reached skill level 20 in Stealth
   351 | D        | Reached skill level 1 in Evocations
   351 | D        | Reached XP level 7. HP: 37/37 MP: 7/11
   400 | D        | Found Xuelumin's Distillery.
   420 | D        | Noticed a deep troll
   424 | D        | Killed a deep troll
   425 | D        | Reached skill level 21 in Stealth
   425 | D        | Reached skill level 5 in Invocations
   425 | D        | Reached XP level 8. HP: 42/42 MP: 11/13
   434 | D        | Found Bempasin's Armour Emporium.
   550 | D        | Found a burning altar of Makhleb.
   550 | D        | Found a viscous altar of Jiyva.
   550 | D        | Found a shimmering altar of Xom.
   550 | D        | Found a corrupted altar of Lugonu.
   550 | D        | Noticed a slime creature
   553 | D        | Killed a slime creature
   553 | D        | Reached * piety under Dithmenos
   554 | D        | Reached skill level 22 in Stealth
   567 | D        | Noticed a kobold demonologist
   568 | D        | Noticed a kobold demonologist
   571 | D        | Killed a kobold demonologist
   572 | D        | Reached XP level 9. HP: 46/46 MP: 14/14
   573 | D        | Killed a kobold demonologist
   573 | D        | Reached ** piety under Dithmenos
   574 | D        | Reached skill level 5 in Dodging
   574 | D        | Reached skill level 23 in Stealth
   590 | D        | Noticed a centaur warrior
   590 | D        | Noticed a centaur warrior
   595 | D        | Killed a centaur warrior
   596 | D        | Reached skill level 24 in Stealth
   596 | D        | Killed a centaur warrior
   597 | D        | Reached skill level 25 in Stealth
   620 | D        | Noticed an oklob plant
   622 | D        | Killed an oklob plant
   622 | D        | Reached *** piety under Dithmenos
   623 | D        | Reached XP level 10. HP: 51/51 MP: 17/17
   719 | D        | Reached skill level 26 in Stealth
   719 | D        | Reached **** piety under Dithmenos
   874 | D        | Reached skill level 5 in Fighting
  1090 | D        | Reached ***** piety under Dithmenos
  1278 | D        | Upgraded the game from 0.30-a0-778-g2ef04afb54 to
                  | 0.30-a0-1085-g990a428a5c
  1443 | D        | Found Radifaoq's Assorted Antiques.
  1447 | D        | Found Olas's Magic Scroll Boutique.
  1547 | D        | Reached ****** piety under Dithmenos
  1866 | D        | Identified the +1 scale mail of Shadows and Fog {+Inv
                  | Regen+}
  1885 | D        | Found Virudo's General Store.
  1889 | D        | Found Zoram's Distillery.
  1889 | D        | Found Delupy's Weapon Shop.
  1889 | D        | Found Faezewk's Assorted Antiques.
  1889 | D        | Found Dahuoh's Jewellery Boutique.
  1889 | D        | Found Serorraloi's General Store.
  1889 | D        | Found Vewk's Book Shop.
  1889 | D        | Found Kiew's Armour Shoppe.
  1893 | D        | Found Oriusuyb's Weapon Boutique.
  1894 | D        | Found Umpi's Assorted Antiques.
  1894 | D        | Found Haekk's Assorted Antiques.
  1895 | D        | Found Tebom's Weapon Emporium.
  1913 | D        | Bought a condenser vane for 480 gold pieces
  1913 | D        | Bought a potion of might for 48 gold pieces
  1913 | D        | Bought a scroll of identify for 24 gold pieces
  1914 | D        | Bought a potion of heal wounds for 125 gold pieces
  1917 | D        | Bought a scroll of butterflies for 56 gold pieces
  1928 | D        | Bought a dented steel amulet for 140 gold pieces
  1997 | D        | Noticed a demonic crawler
  1997 | D        | Noticed a demonic crawler
  1997 | D        | Noticed a demonic crawler
  1997 | D        | Noticed a demonic crawler
  2003 | D        | HP: 3/72 [demonic crawler (11)]
  2003 | D        | Mangled by a demonic crawler

Illustrated notes

Levels and vault maps discovered:
D:        dungeon_sprint_1 [red_sonja_temple_1, red_sonja_temple_small_1]

Skill      XL: |  1  2  3  4  5  6  7  8  9 10 |
---------------+-------------------------------+-----
Fighting       | 2 3 4 5 |  5.1
Stealth        | 9 13 16 20 21 22 25 26 | 26.6
Short Blades   | 3 4 6 7 8 9 |  9.2
Throwing       | 3 5 6 7 8 9 |  9.6
Dodging        | 2 3 4 5 6 |  6.5
Invocations    | 4 5 6 8 9 |  9.4
Evocations     | 1 2 3 4 |  4.2

Action                     |  1- 3 |  4- 6 |  7- 9 | 10-12 || total
---------------------------+-------+-------+-------+-------++-------
  Melee: Dagger            |     7 |    12 |    10 |   145 ||   174
         Punch             |       |       |       |     1 ||     1
  Throw: Dart              |     8 |     4 |       |    20 ||    32
  Evoke: Wand              |       |     3 |       |     1 ||     4
         Phantom mirror    |       |       |       |     1 ||     1
         Condenser vane    |       |       |       |     1 ||     1
    Use: Scroll            |       |       |     1 |       ||     1
         Potion            |       |       |       |     6 ||     6
   Stab: Sleeping          |       |     2 |    10 |     3 ||    15
 Armour: Robe              |       |       |       |     2 ||     2
  Dodge: Dodged            |     3 |     5 |       |   108 ||   116

Table legend: (Time is in decaauts)
 A = Elapsed time spent in this place.
 B = Non-inter-level travel time spent in this place.
 C = Inter-level travel time spent in this place.
 D = Time resting spent in this place.
 E = Time spent auto-exploring this place.
 F = Levels seen in this place.
 G = Mean time per level.
                   A        B        C        D        E       F      G
               +--------+--------+--------+--------+--------+-----+--------+
         Total |   1688 |   1688 |      0 |   1059 |      0 |   1 | 1688.0 |
       Dungeon |   1688 |   1688 |      0 |   1059 |      0 |   1 | 1688.0 |
               +--------+--------+--------+--------+--------+-----+--------+

Top non-repeatable levels by time:
       D: 1688 daAuts
